 Dungeon Crawl Stone Soup version 0.28-a0-664-gc179e30c89 (webtiles) character file.

Game seed: 5549791333951356735

75 KristoblXynda the Cutter (level 4, -6/28 HPs)
             Began as a Kobold Gladiator on Oct 16, 2021.
             Mangled by a gnoll (8 damage)
             ... on level 2 of the Dungeon.
             The game lasted 00:01:28 (1804 turns).

KristoblXynda the Cutter (Kobold Gladiator)         Turns: 1804, Time: 00:01:28

Health: -6/28      AC:  4    Str: 12    XL:     4   Next: 55%
Magic:  4/4        EV: 15    Int:  9    God:
Gold:   105        SH:  0    Dex: 16    Spells: 3/3 levels left

rFire   . . .      SeeInvis .   a - +0 rapier
rCold   . . .      Faith    .   (shield restricted)
rNeg    . . .      Spirit   .   b - +0 leather armour
rPois   .          Reflect  .   c - +0 helmet
rElec   .          Harm     .   (no cloak)
rCorr   .          Rampage  .   (no gloves)
Will    .....                   (no boots)
Stlth   +++.......              (no amulet)
HPRegen 0.09/turn               (no ring)
MPRegen 0.09/turn               (no ring)

@: lethally poisoned (-6 -> -9)
A: small, no large weapons, nightstalker 3
a: no special abilities


You were on level 2 of the Dungeon.
You visited 1 branch of the dungeon, and saw 2 of its levels.

You collected 105 gold pieces.

Inventory:

Hand Weapons
 a - a +0 rapier (weapon)
Missiles
 d - 3 throwing nets (quivered)
Armour
 b - a +0 leather armour (worn)
 c - a +0 helmet (worn)
Scrolls
 e - 2 scrolls of identify {unknown}
 h - a scroll of summoning {unknown}
 k - a scroll of fear {unknown}
Potions
 f - a potion of heal wounds {unknown}
 g - a potion of brilliance {unknown}
 i - a potion of mutation {unknown}
 j - a potion of flight {unknown}


   Skills:
 + Level 3.0 Fighting
 + Level 4.8 Short Blades
 - Level 2.1 Throwing
 + Level 4.3 Dodging
 + Level 2.6 Stealth


You had 3 spell levels left.
You didn't know any spells.
Your spell library contained the following spells:

 Spells                   Type           Power      Damage    Failure   Level
 Sting                    Tmut/Pois      0%         1d3       45%         1
 Ensorcelled Hibernation  Hex/Ice        0%         N/A       61%         2
 Confusing Touch          Hex            0%         N/A       83%         3
 Dazzling Flash           Conj/Hex       0%         N/A       83%         3
 Ice Form                 Ice/Tmut       0%         N/A       99%         4


Dungeon Overview and Level Annotations

Branches:
Dungeon (2/15)

Altars:

Shops:
D:1 (


Innate Abilities, Weirdness & Mutations

You are small and have problems with some larger weapons.
You are completely attuned to the shadows.


Message History

You are too injured to fight recklessly!
You are too injured to fight recklessly!
You are too injured to fight recklessly!
You are too injured to fight recklessly!
You are too injured to fight recklessly!
You are too injured to fight recklessly!
You hit the gnoll.
You kill the gnoll!
The gnoll hits you with a +0 club.
* * * LOW HITPOINT WARNING * * *
Things that are here:
a +0 whip; a gnoll corpse You barely miss the gnoll.
The gnoll is heavily wounded.
The gnoll misses you.
You hit the gnoll.
The gnoll is almost dead.
The gnoll closely misses you.
You hit the gnoll.
You kill the gnoll!
Your Fighting skill increases to level 3!
You start resting.
A gnoll is nearby!
You start resting.
A gnoll is nearby!
A gnoll is nearby!
You start resting.
A gnoll is nearby!
You start resting.
A gnoll is nearby!
The gnoll shouts!
The gnoll hits you but does no damage.
You are poisoned.
You completely miss the gnoll.
You feel sick.
The gnoll hits you with a +0 spear of venom!
* * * LOW HITPOINT WARNING * * *
* * * LOW HITPOINT WARNING * * *
You feel sick.
The gnoll hits you from afar with a +0 spear of venom!
You die...

#g# #)# #)# #.#####
#g....# #####.#
#.g.#.# #.#.#g#
#@#.#.# #.#.#.#
#.#.#.# #.#.#.#
#.#.#.#
#.#g#.############
#.#...............
##.###.############
#......#


You could see a gnoll.

Vanquished Creatures
  Robin (D:1)
  3 gnolls (D:2)
  2 ball pythons (D:1)
  9 goblins
  5 hobgoblins (D:2)
  2 jackals (D:1)
  5 kobolds
  3 bats
  A frilled lizard (D:1)
  3 rats (D:1)
34 creatures vanquished.

Notes
Turn   | Place    | Note
-------+----------+-------------------------------------------
     0 | D:1      | KristoblXynda the Kobold Gladiator began the quest for the
                  | Orb.
     0 | D:1      | Reached XP level 1. HP: 12/12 MP: 1/1
   344 | D:1      | Reached skill level 1 in Stealth
   344 | D:1      | Reached XP level 2. HP: 18/18 MP: 2/2
   406 | D:1      | Found Neunek's Weapon Emporium.
   773 | D:1      | Found a faded altar of an unknown god.
   913 | D:2      | Noticed Robin
   926 | D:1      | Reached XP level 3. HP: 18/22 MP: 3/3
   995 | D:1      | Killed Robin
  1314 | D:2      | Got the Handbook of Shape Shifting and Hexes
  1602 | D:2      | Reached XP level 4. HP: 17/27 MP: 4/4
  1804 | D:2      | Mangled by a gnoll

Illustrated notes

Levels and vault maps discovered:
D:1:      lightli_arrival_maybe_door_vault, layout_loops_ring,
          shapermc_ecumenical_altar_totnotflames, serial_shops,
          nicolae_shop_stone, minmay_misc_feat_alley, minmay_quantized
D:2:      layout_basic, grunt_decor_junction, uniq_robin

Skill      XL: |  1  2  3  4 |
---------------+-------------+-----
Stealth        | 1 2 |  2.6
Dodging        | 4 |  4.3
Fighting       | 3 |  3.0
Short Blades   | |  4.8
Throwing       | |  2.1

Action                   |  1- 3 |  4- 6 || total
-------------------------+-------+-------++-------
Melee: Rapier            |    59 |    13 ||    72
 Stab: Sleeping          |    11 |       ||    11
Armor: Leather armour    |    10 |     1 ||    11
Dodge: Dodged            |    36 |     3 ||    39

Table legend: (Time is in decaauts)
 A = Elapsed time spent in this place.
 B = Non-inter-level travel time spent in this place.
 C = Inter-level travel time spent in this place.
 D = Time resting spent in this place.
 E = Time spent auto-exploring this place.
 F = Levels seen in this place.
 G = Mean time per level.
                   A        B        C        D        E       F      G
               +--------+--------+--------+--------+--------+-----+--------+
         Total |   1805 |   1780 |     25 |    427 |   1126 |   2 |  902.5 |
       Dungeon |   1805 |   1780 |     25 |    427 |   1126 |   2 |  902.5 |
               +--------+--------+--------+--------+--------+-----+--------+

Top non-repeatable levels by time:
     D:1: 1072 daAuts
     D:2: 733 daAuts
